 Dungeon Crawl Stone Soup version 0.26-a0-20-g5f92b90fa0 (webtiles) character file.

Game seed: 7163299391305012689, levelgen mode: deterministic

1177 MisterFreud the Nimble (level 8, -9/54 HPs)
             Began as an Octopode Gladiator on May 25, 2020.
             Was a Follower of Cheibriados.
             Killed from afar by a steam dragon (25 damage)
             ... with a ball of steam
             ... on level 5 of the Dungeon.
             The game lasted 00:07:09 (5898 turns).

MisterFreud the Nimble (Octopode Gladiator)         Turns: 5898, Time: 00:07:10

Health: -9/54      AC:  2    Str: 17    XL:     8   Next: 41%
Magic:  8/8        EV: 19    Int: 15    God:    Cheibriados [*.....]
Gold:   170        SH:  0    Dex: 16    Spells: 7/7 levels left

rFire    . . .     SeeInvis .   o - +3 falchion (elec)
rCold    . . .     Gourm    .   (no shield)
rNeg     . . .     Faith    .   b - +1 hat
rPois    .         Spirit   .   u - amulet of magic regeneration
rElec    .         Reflect  .   (no ring)
rCorr    .         Harm     .   (no ring)
MR       .....                  (no ring)
Stlth    ++........             (no ring)
HPRegen  0.18/turn              (no ring)
MPRegen  0.36/turn              (no ring)
                                (no ring)
                                (no ring)

@: very slightly contaminated, very slow
A: almost no armour, stealthy swim, amphibious, 8 rings, constrict 8, camouflage
1, gelatinous body 1
a: Bend Time, Renounce Religion


You were on level 5 of the Dungeon.
You worshipped Cheibriados.
Cheibriados was aware of your devotion.
You were not hungry.

You visited 2 branches of the dungeon, and saw 6 of its levels.

You collected 170 gold pieces.

Inventory:

Hand Weapons
 a - a +0 long sword
 o - a +3 falchion of electrocution (weapon)
Missiles
 c - 3 throwing nets
 l - 12 poisoned darts (quivered)
 t - 5 boomerangs
 v - 6 javelins
Armour
 b - a +1 hat (worn)
Jewellery
 u - an amulet of magic regeneration (around mantle)
Wands
 i - a wand of polymorph (10)
Scrolls
 e - 3 scrolls of remove curse
 h - a scroll of blinking
 p - a scroll of amnesia
Potions
 f - a potion of cancellation
 g - a potion of ambrosia {unknown}
 j - 2 potions of curing
 m - 2 potions of magic
 q - a potion of lignification {unknown}
 x - a potion of stabbing {unknown}
Comestibles
 d - 6 rations
 k - a chunk of flesh


   Skills:
 - Level 4.0 Fighting
 + Level 6.1 Long Blades
 - Level 2.0 Throwing
 - Level 8.0 Dodging


You had 7 spell levels left.
You didn't know any spells.
Your spell library contained the following spells:

 Spells                   Type           Power        Failure   Level  Hunger
 Beastly Appendage        Tmut           #.....       26%         1    ##.....
 Sticks to Snakes         Tmut           #.......     38%         2    ###....
 Spider Form              Tmut/Pois      #.........   63%         3    ####...
 Ice Form                 Ice/Tmut       #.......     95%         4    #####..
 Blade Hands              Tmut           #.........   100%        5    ######.


Dungeon Overview and Level Annotations

Branches:
Dungeon (5/15)             Temple (1/1) D:4

Altars:
Ashenzari
Cheibriados
Dithmenos
Elyvilon
Kikubaaqudgha
Nemelex Xobeh
Okawaru
Qazlal
Ru
Trog
Uskayaw
Vehumet
Xom
Yredelemnul
Zin
The Shining One

Shops:
D:2 *


Innate Abilities, Weirdness & Mutations

You cannot wear most types of armour.
You are very stealthy in the water. (Stealth+)
You are amphibious.
You can wear up to eight rings at the same time.
You can use your tentacles to constrict eight enemies at once.
Your skin changes colour to match your surroundings (Stealth+).
Your rubbery body absorbs attacks. (AC +1, EV +1)


Message History

Unknown command.
Evoke which item? (* to show all) (? for menu, Esc to quit)
Aiming: Polymorph
Press: ? - help, Shift-Dir - straight line, f - jelly, p - jelly
Aim: a jelly (chance to defeat MR: 54%)
The jelly resists with significant effort.
You are no longer corroded.
You constrict the crimson imp. The crimson imp hits you. The jelly hits you.
You are splashed with acid!
* * * LOW HITPOINT WARNING * * *
Unknown command.
Evoke which item? (* to show all) (? for menu, Esc to quit)
Aiming: Polymorph
Press: ? - help, Shift-Dir - straight line, f/p - jelly
Aim: a jelly (chance to defeat MR: 54%)
The jelly evaporates and reforms as a steam dragon!
You constrict the crimson imp. The crimson imp completely misses you.
The steam dragon breathes steam at you. The ball of steam hits you!!
You die...

################**
#............J..,*
#...............,*
#..#####5D#####.,*
#.J....#@.#.....,*
#......#..#.....,*
#############..#..#..###**
.......>#.J....#..#.....,*
#######.#......#..#,....,*
#.#..#####..#####.,*
#.#......#..#s....,* ###
#.#,.....#..#..$..,* ..#
#.#####..#..#..###**


You could see a steam dragon (catching breath), a jelly (fleeing) and a crimson
imp.

Vanquished Creatures
  Eustachio (D:4)
  4 ogres
  A water moccasin skeleton (D:4)
  A howler monkey (D:5)
  A crimson imp (D:5)
  Crazy Yiuf (D:4)
  3 orc priests
  A centaur skeleton (D:4)
  2 bullfrog skeletons (D:5)
  2 iguanas
  4 worker ants
  A hound skeleton (D:4)
  A worker ant zombie (D:5)
  Robin (D:4)
  4 gnolls (D:2)
  4 adders
  2 oozes
  4 worms
  2 dart slugs
  3 leopard geckos
  12 orcs
  3 giant cockroaches
  9 goblins
  5 hobgoblins
  6 jackals
  9 kobolds
  8 bats
  10 frilled lizards
  A leopard gecko zombie (D:5)
  3 rats
109 creatures vanquished.

Notes
Turn   | Place    | Note
-------+----------+-------------------------------------------
     0 | D:1      | MisterFreud the Octopode Gladiator began the quest for the
                  | Orb.
     0 | D:1      | Reached XP level 1. HP: 14/14 MP: 1/1
   107 | D:1      | Reached XP level 2. HP: 20/20 MP: 2/2
   444 | D:1      | Reached XP level 3. HP: 26/26 MP: 3/3
  1574 | D:2      | Found Zin's Purification Station.
  1576 | D:2      | Found a glowing silver altar of Zin.
  1782 | D:2      | Reached XP level 4. HP: 33/33 MP: 4/4
  2611 | D:2      | Reached XP level 5. HP: 31/37 MP: 5/5
  3086 | D:3      | Reached skill level 5 in Long Blades
  3329 | D:4      | Noticed Robin
  3336 | D:4      | Killed Robin
  3511 | D:4      | Noticed an ogre
  3723 | D:4      | Reached XP level 6. HP: 38/43 MP: 6/6
  3779 | D:4      | Found a staircase to the Ecumenical Temple.
  3812 | Temple   | Entered the Ecumenical Temple
  3857 | Temple   | Became a worshipper of Cheibriados the Contemplative
  3883 | D:4      | Reached skill level 4 in Dodging
  3936 | D:4      | Reached XP level 7. HP: 31/48 MP: 7/7
  4120 | D:4      | Reached skill level 5 in Dodging
  4311 | D:4      | Noticed Eustachio
  4325 | D:4      | Killed Eustachio
  4325 | D:4      | Reached skill level 6 in Dodging
  4504 | D:4      | Reached XP level 8. HP: 54/54 MP: 8/8
  4695 | D:4      | Found a runed translucent door.
  4698 | D:4      | Noticed Crazy Yiuf
  4788 | D:4      | Found a shattered altar of Ashenzari.
  4788 | D:4      | Found a sparkling altar of Nemelex Xobeh.
  4962 | D:4      | Killed Crazy Yiuf
  5118 | D:5      | Entered Level 5 of the Dungeon
  5121 | D:5      | Reached skill level 7 in Dodging
  5221 | D:5      | Reached * piety under Cheibriados
  5272 | D:5      | Found an iron altar of Okawaru.
  5488 | D:5      | Reached skill level 8 in Dodging
  5898 | D:5      | Killed from afar by a steam dragon

Illustrated notes

Levels and vault maps discovered:
D:1:      wander_arrival_estate, layout_basic
D:2:      layout_basic, zin_purify
D:3:      layout_loops_ring
D:4:      layout_loops_corners, gammafunk_temple_overflow_statue,
          minmay_temple_entry_mini_moons, uniq_eustachio, uniq_robin,
          uniq_crazy_yiuf_cottage
D:5:      kennysheep_windowed_halls, layout_basic, basic_altar, first_ration
Temple:   eino_narrow_crystal_temple

Skill      XL: |  1  2  3  4  5  6  7  8 |
---------------+-------------------------+-----
Fighting       | 3 4 |  4.0
Long Blades    | 4 5 6 |  6.1
Dodging        | 4 6 8 |  8.0
Throwing       | |  2.0

Action                   |  1- 3 |  4- 6 |  7- 9 || total
-------------------------+-------+-------+-------++-------
Melee: Long sword        |    49 |       |       ||    49
       Constrict         |    18 |    21 |    23 ||    62
       Tentacles         |    14 |    14 |    15 ||    43
       Falchion          |     5 |    71 |    70 ||   146
Throw: Dart              |       |     6 |    13 ||    19
Evoke: Wand              |       |       |     7 ||     7
  Use: Potion            |       |     1 |     1 ||     2
       Scroll            |       |       |    14 ||    14
 Stab: Sleeping          |     8 |     5 |     3 ||    16
  Eat: Chunk             |     3 |     5 |     7 ||    15
Armor: Skin              |     4 |     2 |     2 ||     8
Dodge: Dodged            |    48 |    54 |    58 ||   160
       Rpst.: Long sword |    17 |       |       ||    17
       Falchion          |     1 |    15 |    17 ||    33

Table legend:
 A = Non-vault XP
 B = Vault XP
 C = Vault XP percentage of total XP
 D = Non-vault monster count
 E = Vault monster count
 F = Vault count percentage of total count
                 A         B        C        D         E       F
            +---------+---------+-------+---------+---------+-------
      Total |    1413 |     269 |  16.0 |      99 |      10 |   9.2
            +---------+---------+-------+---------+---------+-------
        D:1 |      44 |       0 |   0.0 |      24 |       0 |   0.0
        D:2 |      96 |       0 |   0.0 |      14 |       0 |   0.0
        D:3 |     129 |       0 |   0.0 |      24 |       0 |   0.0
        D:4 |     711 |     269 |  27.4 |      21 |      10 |  32.3
        D:5 |     433 |       0 |   0.0 |      16 |       0 |   0.0
            +---------+---------+-------+---------+---------+-------
